AoeStats
← MRG621

Oasis

508067234Analyzed
4v4 RM · 11d ago on Sep 20, 2026· 41m 14s· 8 players
Game mode
Random Map
Map size
Large (8 player)
Population
200
Speed
Normal
Resources
Standard
Victory
Conquest
Starting age
Dark Age
Ending age
Imperial Age
RankedLock teamsTeams togetherTeam positionsShared explorationLock speedFull tech treeHidden civsTurbo modeCheats
Victory
Defeat
🇺🇸 Malay · United States
1020
+14
🇨🇴 Britons · Colombia
988
+15
🇲🇽 Huns · Mexico
983
+15
🇺🇸 Lithuanians · United States
952
+17
🇩🇪 Gurjaras · Germany
1040
-17
🇩🇪 Lithuanians · Germany
964
-15
🇩🇪 Romans · Germany
961
-15
🇩🇪 Franks · Germany
926
-14
iCrasher
7:10 Loom
12:12 Feudal Age
12:49 Double-Bit Axe
12:50 Horse Collar
14:43 Wheelbarrow
14:02 Gold Mining
14:46 Stone Mining
17:27 Man-at-Arms
20:27 Castle Age
21:50 Pikeman
24:24 Squires
25:38 Gold Shaft Mining
25:51 Long Swordsman
29:59 Bloodlines
29:50 Husbandry
32:48 Forging
32:38 Scale Mail Armor
33:23 Bow Saw
33:32 Heavy Plow
39:00 Imperial Age
38:16 Hand Cart
37:47 Town Watch
38:16 Ballistas
40:31 Halberdier
TwoHeadedTurtle
3:21 Loom
10:33 Feudal Age
12:55 Double-Bit Axe
12:52 Horse Collar
16:13 Gold Mining
16:16 Stone Mining
19:16 Wheelbarrow
18:27 Town Watch
21:53 Castle Age
22:47 Fletching
22:57 Padded Archer Armor
22:27 Elite Skirmisher
23:17 Thumb Ring
24:04 Bodkin Arrow
24:25 Leather Archer Armor
25:18 Ballistics
26:51 Bow Saw
28:30 Fortified Wall
28:17 Murder Holes
30:30 Forging
30:27 Scale Barding Armor
32:16 Masonry
32:02 Murder Holes
33:09 Hand Cart
33:48 Town Patrol
38:03 Imperial Age
36:08 Treadmill Crane
39:08 Bracer
40:12 Chemistry
39:44 Architecture
MoralLizard
13:34 Feudal Age
17:07 Double-Bit Axe
17:04 Horse Collar
22:19 Castle Age
20:05 Loom
23:04 Pikeman
34:49 Bow Saw
35:36 Heavy Plow
39:14 Wheelbarrow
39:24 Redemption
39:58 Scale Mail Armor
40:08 Forging
zoltan83
0:28 Loom
10:23 Feudal Age
18:23 Castle Age
16:56 Double-Bit Axe
18:19 Forging
18:10 Scale Mail Armor
22:30 Wheelbarrow
27:17 Pikeman
33:53 Imperial Age
32:17 Arson
32:33 Squires
34:08 Cavalier
35:20 Husbandry
36:15 Hand Cart
41:50 Iron Casting
41:21 Scale Barding Armor
41:32 Chain Mail Armor
MRG621
12:15 Feudal Age
19:30 Castle Age
18:50 Double-Bit Axe
21:53 Bow Saw
29:13 Gold Mining
30:55 Wheelbarrow
30:51 Horse Collar
31:04 Loom
31:35 Bloodlines
31:25 Husbandry
32:37 Hand Cart
33:02 Gold Shaft Mining
32:32 Heavy Plow
36:52 Imperial Age
34:12 Light Cavalry
35:18 Forging
35:13 Scale Barding Armor
35:54 Marauders
37:59 Conscription
37:05 Elite Tarkan
37:09 Hussar
38:46 Iron Casting
38:31 Chain Barding Armor
38:00 Town Watch
40:48 Blast Furnace
40:12 Ballistics
40:58 Chemistry
40:10 Masonry
40:03 Elite Tarkan
41:31 Plate Barding Armor
Evil Mechanic
10:30 Loom
12:44 Feudal Age
16:19 Castle Age
14:53 Double-Bit Axe
17:23 Wheelbarrow
17:00 Bow Saw
20:11 Hand Cart
24:25 Fletching
27:27 Bodkin Arrow
27:28 Stone Mining
27:29 Gold Mining
29:41 Squires
29:43 Husbandry
30:08 Horse Collar
32:46 Ballistics
32:48 Heavy Plow
37:23 Imperial Age
35:19 Forging
35:15 Scale Barding Armor
37:09 Iron Casting
38:28 Gold Shaft Mining
38:29 Stone Shaft Mining
38:07 Capped Ram
40:25 Chemistry
40:50 Blast Furnace
39:55 Bracer
39:57 Town Watch
Dejavu
0:26 Loom
13:42 Feudal Age
18:03 Castle Age
17:21 Horse Collar
17:29 Double-Bit Axe
21:35 Scale Barding Armor
27:07 Fletching
28:22 Heavy Plow
33:02 Imperial Age
30:59 Bodkin Arrow
32:41 Ballistics
32:52 Forging
37:11 Bracer
38:06 Padded Archer Armor
38:43 Crop Rotation
39:23 Chemistry
39:20 Elite Skirmisher
41:32 Leather Archer Armor
HoneyMan.
12:05 Feudal Age
11:42 Loom
15:43 Castle Age
16:32 Fletching
16:42 Padded Archer Armor
18:35 Bodkin Arrow
18:55 Leather Archer Armor
24:55 Ballistics
27:36 Leather Archer Armor
28:48 Yeomen
35:59 Imperial Age
33:17 Pikeman
33:57 Squires
33:45 Arson
35:19 Scale Mail Armor
35:30 Forging
38:58 Elite Longbowman
41:57 Ring Archer Armor
41:27 Bracer
Connection lost

Rejoining the realm…

Still unreachable

The connection could not be restored.

Session expired

The server has moved on; the page needs a fresh start.